AoeStats
← audi

MegaRandom

510591056Analyzed
2v2 RM · 14h ago on Oct 1, 2026· 32m 34s· 4 players
Game mode
Random Map
Map size
Medium (4 player)
Population
200
Speed
Normal
Resources
Standard
Victory
Conquest
Starting age
Dark Age
Ending age
Imperial Age
RankedLock teamsTeams togetherTeam positionsShared explorationLock speedFull tech treeHidden civsTurbo modeCheats
Victory
Defeat
🇹🇷 Magyars · Türkiye
1135
+17
🇳🇱 Cumans · Netherlands
1129
+17
🇨🇳 Khmer · China
1326
-24
🇨🇳 Maya · China
969
-10
Derk94
10:23 Feudal Age
11:54 Double-Bit Axe
13:51 Horse Collar
16:00 Loom
16:54 Wheelbarrow
18:23 Gold Mining
18:23 Stone Mining
19:27 Wheelbarrow
18:44 Town Watch
25:31 Castle Age
24:26 Bloodlines
24:24 Scale Barding Armor
24:30 Forging
27:05 Chain Barding Armor
27:20 Iron Casting
34:54 Imperial Age
32:38 Heavy Plow
audi
4:20 Loom
10:36 Feudal Age
11:04 Double-Bit Axe
18:52 Castle Age
18:24 Bloodlines
18:25 Horse Collar
19:10 Scale Barding Armor
19:43 Husbandry
21:11 Bow Saw
22:25 Wheelbarrow
21:25 Pikeman
23:58 Scale Mail Armor
24:36 Chain Barding Armor
28:23 Fletching
30:48 Padded Archer Armor
30:55 Bodkin Arrow
32:10 Leather Archer Armor
32:16 Chain Mail Armor
都美竹
11:58 Feudal Age
13:13 Double-Bit Axe
19:24 Castle Age
20:15 Gold Mining
20:21 Stone Mining
22:09 Bow Saw
23:45 Wheelbarrow
24:00 Stone Shaft Mining
23:30 Loom
24:03 Crossbowman
28:58 Wheelbarrow
31:38 Imperial Age
29:34 Squires
30:28 Thumb Ring
30:05 Pikeman
31:12 Fletching
31:23 Padded Archer Armor
32:41 Hand Cart
32:27 Fishing Lines
三福
11:47 Feudal Age
10:02 Loom
16:01 Castle Age
19:54 Bloodlines
20:21 Scale Barding Armor
23:31 Gold Mining
25:41 Wheelbarrow
25:20 Crossbowman
29:50 Imperial Age
28:21 Fletching
30:50 Arbalester
31:47 Bodkin Arrow
Connection lost

Rejoining the realm…

Still unreachable

The connection could not be restored.

Session expired

The server has moved on; the page needs a fresh start.